Map: [ESL] Moondance

Players

ByuN - Winner!

  • Race: Terran Terran
  • Spawn Location: 6:00

llllllllllll (herO)

  • Race: Protoss Protoss
  • League: Master
  • Spawn Location: 12:00

VOD

Have the link to the VOD?

Description

Time

  • Played on: Oct. 22, 2022, 7:48 a.m.
  • Length: 8:28
Show
View Real Time Build Order
Export as new Build Order

ByuN Terran - Winner!

Build Orders: Reaper Expand 

Get SALT Encoding   

  12  0:00  SCV  
  13  0:12  SCV  
  14  0:16  Supply Depot  
  14  0:24  SCV  
  15  0:38  SCV  
  15  0:39  Barracks  
  15  0:41  Refinery  
  16  0:50  SCV  
  17  1:02  SCV  
  18  1:14  SCV  
  19  1:26  Reaper, Orbital Command  
  20  1:39  Command Center  
  20  1:49  Supply Depot  
  20  1:52  SCV  
  21  1:58  Barracks Tech Lab  
  21  2:03  Refinery  
  21  2:04  SCV  
  22  2:16  SCV, Marauder  
  22  2:20  Concussive Shells  
  25  2:28  SCV  
  26  2:35  Bunker  
  24  2:38  Marauder  
  24  2:40  SCV  
  26  2:52  SCV  
  26  2:59  Marauder  
  26  3:04  SCV  
  29  3:06  Command Center  
  27  3:16  SCV  
  27  3:21  Marauder  
  28  3:32  Factory  
  27  3:35  SCV  
  28  3:42  Marauder  
  28  3:48  SCV  
  31  3:52  Stimpack  
  31  4:03  Supply Depot  
  31  4:18  SCV, Factory Tech Lab, Starport  
  31  4:19  Orbital Command  
  32  4:27  Marauder  
  32  4:30  SCV  
  35  4:42  SCV  
  35  4:44  Bunker, Orbital Command  
  36  4:51  Marine  
  37  4:54  SCV  
  38  5:00  Raven  
  38  5:02  Barracks  
  38  5:05  Factory Reactor  
  41  5:09  Supply Depot  
  41  5:10  SCV x2  
  42  5:15  Marine  
  42  5:19  Barracks  
  43  5:22  SCV x2  
  43  5:28  Engineering Bay  
  45  5:33  Marine  
  45  5:34  SCV x2  
  48  5:37  Combat Shield  
  48  5:46  SCV  
  48  5:47  SCV  
  50  5:50  Marine  
  50  5:51  Factory Reactor  
  51  5:58  SCV, Starport Reactor  
  51  5:59  SCV  
  51  6:02  Refinery, Terran Infantry Weapons Level 1  
  51  6:03  Supply Depot, Marine  
  51  6:04  Marine  
  55  6:07  Supply Depot  
  55  6:08  Marine  
  55  6:11  SCV x2  
  56  6:22  Marine x2  
  56  6:23  SCV x2  
  59  6:27  Marauder  
  61  6:33  Supply Depot  
  61  6:34  Command Center  
  61  6:35  SCV x2  
  61  6:36  Medivac  
  61  6:38  Medivac  
  67  6:42  Marine x3  
  70  6:47  Marine  
  70  6:49  SCV x2  
  73  6:55  Supply Depot  
  73  6:56  Refinery  
  73  6:57  Widow Mine x2  
  77  7:01  SCV x2  
  77  7:04  Marauder  
  77  7:05  Marine x2  
  77  7:06  Marauder  
  85  7:13  SCV  
  85  7:15  Supply Depot  
  86  7:17  SCV, Medivac x2  
  86  7:18  Supply Depot  
  86  7:22  Widow Mine  
  93  7:26  SCV  
  93  7:28  Barracks  
  94  7:32  Barracks  
  94  7:36  Marine x2  
  98  7:37  Widow Mine  
  98  7:39  Marauder x2  
  98  7:44  SCV  
  103  7:45  SCV  
  103  7:47  Supply Depot  
  104  7:53  SCV  
  104  7:56  SCV  
  104  7:57  SCV  
  103  8:03  Marauder x2, Marine x2  
  103  8:05  SCV, Widow Mine x2  
  108  8:08  SCV  
Show
View Real Time Build Order
Export as new Build Order

llllllllllll Protoss 

Build Orders: Blink Stalkers 

Get SALT Encoding   

  12  0:00  Probe  
  13  0:12  Probe  
  14  0:18  Pylon  
  14  0:24  Probe  
  15  0:37  Gateway, Probe  
  16  0:46  Pylon  
  16  0:49  Probe  
  17  0:54  Assimilator  
  17  1:04  Gateway  
  17  1:06  Probe  
  18  1:19  Probe  
  18  1:24  Cybernetics Core  
  19  1:26  Zealot  
  19  1:31  Probe  
  22  1:36  Assimilator  
  22  1:43  Probe  
  23  1:55  Probe  
  23  1:58  Adept (Chrono Boost), Stalker (Chrono Boost)  
  28  2:06  Pylon  
  28  2:10  Probe  
  31  2:24  Stalker (Chrono Boost)  
  31  2:27  Adept (Chrono Boost)  
  33  2:32  Probe  
  34  2:45  Probe  
  37  2:51  Stalker (Chrono Boost)  
  37  2:55  Twilight Council  
  34  3:11  Stalker  
  36  3:20  Stalker  
  36  3:32  Blink (Chrono Boost)  
  35  3:35  Nexus  
  35  3:40  Warp Gate  
  34  3:53  Stalker  
  33  3:55  Pylon  
  33  3:58  Probe  
  32  4:10  Probe  
  32  4:14  Gateway  
  33  4:21  Gateway  
  33  4:23  Probe  
  34  4:27  Sentry  
  36  4:34  Shield Battery  
  36  4:36  Probe  
  37  4:48  Probe (Chrono Boost)  
  37  4:49  Probe (Chrono Boost)  
  39  4:57  Sentry  
  40  5:00  Probe (Chrono Boost)  
  40  5:02  Sentry  
  40  5:06  Probe (Chrono Boost)  
  43  5:08  Probe (Chrono Boost)  
  43  5:12  Phoenix, Probe (Chrono Boost)  
  47  5:14  Probe  
  46  5:24  Probe  
  46  5:25  Nexus  
  46  5:26  Probe  
  48  5:29  Pylon  
  48  5:32  Sentry  
  50  5:37  Probe  
  50  5:38  Probe  
  52  5:43  Stalker  
  55  5:50  Probe, Forge  
  55  5:51  Probe  
  55  5:57  Assimilator  
  56  5:59  Phoenix, Assimilator  
  56  6:04  Probe x2 (Chrono Boost)  
  58  6:13  Probe x2 (Chrono Boost)  
  58  6:18  Probe x2 (Chrono Boost)  
  58  6:22  Stalker  
  62  6:27  Pylon  
  62  6:31  Robotics Facility  
  62  6:32  Pylon  
  62  6:34  Gateway  
  62  6:37  Probe (Chrono Boost)  
  62  6:39  Probe x2 (Chrono Boost)  
  65  6:41  Stalker  
  65  6:46  Stalker  
  69  6:50  Probe (Chrono Boost)  
  69  6:51  Probe (Chrono Boost)  
  69  6:54  Probe (Chrono Boost)  
  72  6:55  Probe (Chrono Boost)  
  72  6:56  Probe (Chrono Boost)  
  72  6:59  Assimilator  
  72  7:00  Templar Archives  
  74  7:05  Probe  
  74  7:06  Probe  
  74  7:07  Probe  
  77  7:10  Pylon  
  77  7:14  Stalker  
  79  7:20  Observer (Chrono Boost)  
  80  7:23  Shield Battery  
  80  7:26  Probe  
  80  7:28  Shield Battery, Probe x2  
  83  7:42  Stalker x3  
  93  7:45  Stalker  
  95  7:51  Gateway  
  80  8:08  Stalker x3  
Tags
 
Add a new tag
Caveats
  • Supply blocks, unpowered buildings, or Contaminate may cause inaccurate times.
  • Supply counts are checked every 10 seconds.